 Dungeon Crawl Stone Soup version 0.13-a0-2485-g242ae62 (webtiles) character file.

272 JogiH the Magician (level 4, 0/37 HPs)
             Began as a Djinni Wizard on July 21, 2013.
             Slain by an orc
             ... wielding a +1,+3 orcish flail
              (9 damage)
             ... on Level 3 of the Dungeon.
             The game lasted 00:13:20 (3918 turns).

JogiH the Magician (Djinni Wizard)                  Turns: 3918, Time: 00:13:20

HP   0/37        AC  2     Str  8      XL: 4   Next: 89%
MP   0/0         EV 12     Int 19      God:
Gold 142         SH  0     Dex 11      Spells:  5 memorised,  1 level left

Res.Fire  : + + +   See Invis. : .   r - -1,+0 orc dagger (freeze)
Res.Cold  : x . .   Warding    : .   a - +0 robe
Life Prot.: + + +   Conserve   : .   (no shield)
Res.Poison: .       Res.Corr.  : .   b - +0 wizard hat
Res.Elec. : .       Clarity    : .   (no cloak)
Sust.Abil.: . .     Spirit.Shd : .   (no gloves)
Res.Mut.  : .       Stasis     : .   (boots unavailable)
Res.Rott. : .       Flight     : .   (no amulet)
Saprovore : . . .                    (no ring)
                                     g - +6,+5 ring of slaying {unknown}

@: very slightly contaminated, slightly resistant to hostile enchantments,
unstealthy
A: no striking features
a: no special abilities


You were on level 3 of the Dungeon.
You were not hungry.

You visited 1 branch of the dungeon, and saw 3 of its levels.

You collected 122 gold pieces.

Inventory:

Hand weapons
 r - a -1,+0 orcish dagger of freezing (weapon)
Armour
 a - a +0 robe (worn)
 b - a +0 wizard hat (worn)
 q - a +0 buckler
Scrolls
 f - a scroll of teleportation {unknown}
 h - a scroll of blinking {unknown}
 i - 4 scrolls of identify {unknown}
 l - 3 scrolls of enchant weapon II {unknown}
 n - a scroll of curse armour {unknown}
 o - 3 scrolls of curse jewellery {unknown}
 p - a scroll of fog {unknown}
Jewellery
 g - a +6,+5 ring of slaying (left hand) {unknown}
Potions
 d - 3 potions of restore abilities {unknown}
 e - a potion of brilliance {unknown}
 j - 2 potions of flight {unknown}
 k - a potion of curing {unknown}
 m - 2 potions of coagulated blood
Books
 c - a book of Minor Magic

   Spells                             Type                      Level
   *Magic Dart                        Conjuration                  1
   *Blink                             Translocation                2
   *Call Imp                          Summoning                    2
   Repel Missiles                     Charms/Air                   2
   Slow                               Hexes                        2
   *Conjure Flame                     Conjuration/Fire             3
   *Mephitic Cloud                    Conjuration/Poison/Air       3


   Skills:
 * Level 1.6 Fighting
 + Level 2.0 Dodging
 + Level 2.0 Stealth
 + Level 4.5 Spellcasting
 * Level 2.7 Conjurations
 * Level 1.1 Summonings
 * Level 1.6 Translocations


You had one spell level left.
You knew the following spells:

 Your Spells              Type           Power        Failure   Level  Hunger
a - Magic Dart            Conj           ##..         6%          1    None
b - Blink                 Tloc           N/A          12%         2    #......
c - Call Imp              Summ           #.........   14%         2    #......
d - Conjure Flame         Conj/Fire      #.......     21%         3    ###....
e - Mephitic Cloud        Conj/Pois/Air  #.......     28%         3    ###....


Dungeon Overview and Level Annotations

Branches:
Dungeon (3/27)

Altars:
Yredelemnul


Message History

Aim: an orc, wielding an orcish flail (severely wounded, bewildered and confused)
The magic dart hits the orc.
You kill the orc!
The orc throws a dagger.
The dagger misses you.
Casting: Magic Dart
Confirm with . or Enter, or press ? or * to list all spells.
Aiming: Magic Dart
Press: ? - help, Shift-Dir - straight line, f - orc
Aim: an orc, wielding a runed orcish flail The magic dart hits the orc.
The orc is heavily wounded.
Casting: Magic Dart
Confirm with . or Enter, or press ? or * to list all spells.
Aiming: Magic Dart
Press: ? - help, Shift-Dir - straight line, f/p - orc
Aim: an orc, wielding a runed orcish flail (heavily wounded)
The magic dart hits the orc.
The orc is almost dead.
The orc hits you with a runed orcish flail!
You die...

#....
#######
#....
#.......
#....
#......
+....
#.....
#.... #....
#.... #..)
#.... #o###
##### #@..#
. ###.# #'
#.# #..
##.######
#..
#.......#
##..
#.......###
.'..
#..........
#..
#.......###
#..
#.......#
#..


You could see an orc.

Vanquished Creatures
  4 adders
  3 worms
  2 giant geckos (D:2)
  An ooze (D:1)
  3 orcs (D:3)
  10 goblins
  9 hobgoblins
  4 jackals
  3 quokkas
  A ball python (D:1)
  11 bats
  3 giant cockroaches
  4 giant newts
  6 kobolds
  7 rats
71 creatures vanquished.

Vanquished Creatures (collateral kills)
  A hobgoblin (D:2)
  3 jackals
  A kobold (D:3)
5 creatures vanquished.

Vanquished Creatures (others)
  2 shadow imps (D:2)
2 creatures vanquished.

Grand Total: 78 creatures vanquished

Notes
Turn   | Place    | Note
--------------------------------------------------------------
     0 | D:1      | JogiH, the Djinni Wizard, began the quest for the Orb.
     0 | D:1      | Reached XP level 1. HP: 14/14 MP: 0/0
   354 | D:1      | Reached XP level 2. EP: 4/22
   455 | D:1      | Learned a level 2 spell: Blink
   458 | D:1      | Learned a level 2 spell: Call Imp
   597 | D:1      | Reached skill level 4 in Spellcasting
   911 | D:1      | Reached skill level 1 in Fighting
  1266 | D:1      | Reached XP level 3. EP: 20/29
  1836 | D:2      | Learned a level 3 spell: Conjure Flame
  2288 | D:2      | Reached XP level 4. EP: 31/37
  3575 | D:3      | Learned a level 3 spell: Mephitic Cloud
  3873 | D:3      | Found a basalt altar of Yredelemnul.
  3918 | D:3      | Slain by an orc

Action                   |  1- 3 |  4- 6 || total
-------------------------+-------+-------++-------
Melee: Unarmed           |     3 |    25 ||    28
       Dagger            |       |     3 ||     3
 Cast: Magic Dart        |   125 |    50 ||   175
       Call Imp          |     2 |     6 ||     8
       Conjure Flame     |     1 |     5 ||     6
       Mephitic Cloud    |       |     1 ||     1
